 Dungeon Crawl Stone Soup version 0.21.1-1-g345015fe64 (webtiles) character file.

4449 NullDivider the Covert (level 10, -13/53 HPs)
             Began as a Spriggan Artificer on June 4, 2018.
             Was an Initiate of Gozag.
             Killed by the air
             ... invoked by Gastronok
              (16 damage)
             ... on level 9 of the Dungeon.
             The game lasted 00:52:53 (13305 turns).

NullDivider the Covert (Spriggan Artificer)        Turns: 13305, Time: 00:52:54

Health: -13/53     AC:  6    Str:  8    XL:     10   Next: 15%
Magic:  16/16      EV: 25    Int: 13    God:    Gozag
Gold:   847        SH:  0    Dex: 20    Spells: 9/9 levels left

rFire    . . .     SeeInvis +   A - +2 dagger (speed)
rCold    + + .     Gourm    .   (shield restricted)
rNeg     . . .     Faith    .   g - +1 robe {MR+}
rPois    .         Spirit   .   (helmet restricted)
rElec    .         Reflect  .   a - +2 cloak
rCorr    .         Harm     .   (gloves unavailable)
MR       ++...                  (boots unavailable)
Stlth    ++++......             (no amulet)
HPRegen  0.17/turn              c - ring of protection from cold
MPRegen  0.15/turn              t - ring of protection from cold

@: very slightly contaminated, invisible, very quick
A: very small, unfitting armour, see invisible, herbivore, speed 3, slow
metabolism 2
a: Potion Petition, Call Merchant, Bribe Branch, Renounce Religion


You were on level 9 of the Dungeon.
You worshipped Gozag.
Gozag was pleased with you.
You were hungry.

You visited 2 branches of the dungeon, and saw 10 of its levels.

You collected 1076 gold pieces.
You spent 126 gold pieces at shops.
You paid 103 gold pieces to Gozag.

Inventory:

Hand Weapons
 b - a +0 hunting sling
 A - a +2 dagger of speed (weapon)
 I - a +1 dagger of venom
Missiles
 h - 284 stones (quivered)
 m - 60 arrows
 r - 74 sling bullets
Armour
 a - a +2 cloak (worn)
 g - a +1 robe of magic resistance (worn)
 L - a +0 buckler
Jewellery
 c - a ring of protection from cold (left hand)
 n - an uncursed ring of fire
 t - a ring of protection from cold (right hand)
 v - a +2 ring of intelligence
 M - an uncursed ring of ice
Wands
 d - a wand of enslavement (7)
 G - a wand of paralysis (7)
Scrolls
 i - 2 scrolls of amnesia
 j - 5 scrolls of remove curse
 p - 2 scrolls of teleportation {unknown}
 q - 3 scrolls of immolation
 w - 2 scrolls of enchant weapon {unknown}
 y - 3 scrolls of magic mapping
 E - 2 scrolls of fear {unknown}
 J - a scroll of noise {unknown}
 K - 2 scrolls of silence
 N - a scroll of identify
Potions
 e - 3 potions of haste {unknown}
 k - 2 potions of curing
 l - 2 potions of flight {unknown}
 o - 3 potions of cancellation {unknown}
 s - 4 potions of lignification {unknown}
 u - 3 potions of resistance {unknown}
 x - 2 potions of degeneration {unknown}
 z - 2 potions of might {unknown}
 B - a potion of magic {unknown}
 C - a potion of brilliance {unknown}
 F - 3 potions of agility {unknown}
 H - a potion of mutation {unknown}
Comestibles
 f - 15 rations


   Skills:
 * Level 6.6 Fighting
 * Level 8.7 Short Blades
 + Level 3.5 Slings
 + Level 8.7 Dodging
 + Level 8.8 Stealth
 - Level 7.0 Evocations


You had 9 spell levels left.
You didn't know any spells.

Dungeon Overview and Level Annotations

Branches:
Dungeon (9/15)             Temple (1/1) D:6            Lair (0/6) D:8
    Orc: D:9-12

Altars:
Ashenzari
Dithmenos
Gozag
Hepliaklqana
Nemelex Xobeh
Okawaru
Trog
Zin

Shops:
D:5 }

Annotations:
D:9 Gastronok


Innate Abilities, Weirdness & Mutations

You are very small and have problems with some larger weapons.
You are too small for most types of armour.
You have supernaturally acute eyesight. (SInv)
You are a herbivore.
You cover ground extremely quickly.
You need consume almost no food.


Message History

You hit Gastronok.
Gastronok is heavily wounded.
You hit Gastronok but do no damage.
Gastronok is heavily wounded.
Gastronok gurgles.
Gastronok misses you.
You hit Gastronok but do no damage.
Gastronok is heavily wounded.
You hit Gastronok.
Gastronok is heavily wounded.
You hit Gastronok.
Gastronok is heavily wounded.
You hit Gastronok.
Gastronok is heavily wounded.
You hit Gastronok.
Gastronok is severely wounded.
Gastronok waves his eye-stalks in wide circles.
The air twists around and strikes you!
You die...
Your body crumbles into a pile of gold.

### ..## ...######
....[...#
...####.#
##################
#.#####.#
#.(...w((...w.((..
#.....#.#
#.################
#.###.#.# #w#
..###.#.########@#
...............#.#
.........#####...#
..###......# #####
### ###).#>#
#..#.#
#..#.##########
#..#..........#
#..##########.#


You could see Gastronok.

Vanquished Creatures
  A hippogriff (D:9)
  A wyvern (D:9)
  4 yaks (D:9)
  A hungry ghost (D:8)
  2 orc warriors (D:8)
  2 sky beasts
  A hornet zombie (D:8)
  2 ice beasts
  2 phantoms (D:6)
  A wolf (D:8)
  A centaur (D:8)
  4 ogres
  A big kobold (D:4)
  3 bullfrogs
  A wyvern zombie (D:9)
  4 scorpions
  5 electric eels (D:8)
  4 howler monkeys
  A quasit (D:8)
  3 jellies
  2 crimson imps (D:6)
  3 orc priests
  2 hounds
  A gnoll shaman (D:8)
  Crazy Yiuf (D:4)
  7 orc wizards
  Jessica (D:3)
  5 worker ants
  Terence (D:3)
  A howler monkey zombie (D:6)
  7 gnolls
  A worker ant zombie (D:6)
  A howler monkey skeleton (D:6)
  9 adders
  A shadow imp (D:7)
  2 adder skeletons
  2 adder zombies
  2 worms
  2 dart slugs
  9 leopard geckos
  23 orcs
  5 bats
  3 giant cockroaches
  13 goblins
  4 hobgoblins
  6 jackals
  9 kobolds
  3 quokkas
  2 ball pythons
  A ball python zombie (D:5)
  7 frilled lizards
  A jackal skeleton (D:4)
  A jackal zombie (D:5)
  A leopard gecko zombie (D:5)
  10 rats
193 creatures vanquished.

Vanquished Creatures (collateral kills)
  2 wolves (D:8)
  A gnoll (D:8)
3 creatures vanquished.

Vanquished Creatures (others)
  A troll (D:8)
  A centaur (D:7)
  A gnoll (D:8)
3 creatures vanquished.

Grand Total: 199 creatures vanquished

Notes
Turn   | Place    | Note
-------+----------+-------------------------------------------
     0 | D:1      | NullDivider the Spriggan Artificer began the quest for the Orb.
     0 | D:1      | Reached XP level 1. HP: 9/9 MP: 4/4
    83 | D:1      | Reached skill level 1 in Fighting
   159 | D:1      | Reached XP level 2. HP: 14/14 MP: 6/6
  1115 | D:2      | Reached XP level 3. HP: 10/18 MP: 7/7
  1964 | D:2      | Reached XP level 4. HP: 6/23 MP: 8/8
  2530 | D:3      | Noticed Jessica
  2531 | D:3      | Killed Jessica
  3283 | D:3      | Noticed Terence
  3285 | D:3      | Killed Terence
  3285 | D:3      | Reached XP level 5. HP: 26/26 MP: 9/9
  3452 | D:3      | Noticed a moth of wrath
  3455 | D:3      | Found a bloodstained altar of Trog.
  3664 | D:3      | Reached skill level 5 in Evocations
  3869 | D:4      | Reached XP level 6. HP: 26/32 MP: 10/10
  4383 | D:4      | Found a runed door.
  4387 | D:4      | Noticed Crazy Yiuf
  4388 | D:4      | Killed Crazy Yiuf
  4782 | D:4      | Reached skill level 5 in Dodging
  5077 | D:4      | Reached XP level 7. HP: 36/36 MP: 11/11
  5235 | D:5      | Entered Level 5 of the Dungeon
  5862 | D:5      | Reached skill level 5 in Stealth
  5978 | D:5      | Reached skill level 5 in Short Blades
  6232 | D:5      | Found Onan's Gadget Shop.
  6949 | D:6      | Reached XP level 8. HP: 24/42 MP: 13/13
  7127 | D:6      | Found a sparkling altar of Nemelex Xobeh.
  7791 | D:6      | Found a staircase to the Ecumenical Temple.
  7816 | Temple   | Entered the Ecumenical Temple
  7872 | Temple   | Became a worshipper of Gozag Ym Sagoz the Greedy
  8007 | D:5      | Bought a wand of paralysis (7) for 126 gold pieces
  8201 | D:7      | Found a sparkling altar of Nemelex Xobeh.
  8951 | D:7      | Reached skill level 5 in Fighting
  9884 | D:8      | Reached XP level 9. HP: 40/47 MP: 15/15
 10949 | D:8      | Noticed a troll
 11013 | D:8      | Reached skill level 1 in Slings
 11557 | D:8      | Found a staircase to the Lair.
 12608 | D:9      | Reached XP level 10. HP: 53/53 MP: 16/16
 13231 | D:9      | Noticed Gastronok
 13296 | D:9      | HP: 2/53 [Gastronok/the air (18)]
 13305 | D:9      | Killed from afar by Gastronok

Skill      XL: |  1  2  3  4  5  6  7  8  9 |
---------------+----------------------------+-----
Fighting       | 1 2 3 4 5 6 |  6.6
Stealth        | 2 3 4 5 7 8 |  8.8
Short Blades   | 2 3 4 5 6 8 |  8.7
Dodging        | 4 5 7 8 |  8.7
Evocations     | 5 6 7 |  7.0
Slings         | 3 |  3.5

Action                   |  1- 3 |  4- 6 |  7- 9 | 10-12 || total
-------------------------+-------+-------+-------+-------++-------
Melee: Short sword       |   107 |   176 |       |       ||   283
       Dagger            |       |   134 |   734 |   115 ||   983
 Fire: Hunting sling     |       |       |    37 |    12 ||    49
Evoke: Wand              |     4 |    11 |    23 |       ||    38
  Use: Scroll            |       |     3 |     5 |     2 ||    10
       Potion            |       |       |       |     3 ||     3
 Stab: Sleeping          |     7 |     3 |    20 |     2 ||    32
       Confused          |       |     1 |       |       ||     1
       Paralysed         |       |     1 |       |       ||     1
       Distracted        |       |     2 |     3 |     1 ||     6
  Eat: Ration            |       |     1 |     5 |       ||     6
Armor: Robe              |     5 |    28 |    48 |     5 ||    86
Dodge: Dodged            |    79 |   243 |   392 |    64 ||   778
